AoeStats
← zenNation

Four Lakes

509586794Analyzed
1v1 RM · 6d ago on Sep 27, 2026· 69m 45s· 2 players
Game mode
Random Map
Map size
Tiny (2 player)
Population
200
Speed
Normal
Resources
Standard
Victory
Conquest
Starting age
Dark Age
Ending age
Imperial Age
RankedLock teamsTeams togetherTeam positionsShared explorationLock speedFull tech treeHidden civsTurbo modeCheats
Victory
Defeat
🇦🇺 Burgundians · Australia
751
+14
🇨🇱 Tatars · Chile
699
-14
DavorBlack
4:07 Loom
11:58 Feudal Age
12:50 Man-at-Arms
13:17 Arson
14:33 Forging
15:15 Double-Bit Axe
15:34 Horse Collar
20:08 Bloodlines
24:44 Castle Age
26:45 Scale Barding Armor
27:18 Iron Casting
26:48 Husbandry
28:08 Town Watch
32:17 Bow Saw
32:35 Chain Barding Armor
33:58 Town Patrol
45:01 Imperial Age
43:25 Ballistics
43:02 Fletching
49:35 Elite Keshik
58:42 Plate Barding Armor
58:05 Bodkin Arrow
58:49 Crossbowman
61:41 Squires
61:02 Pikeman
63:23 Heavy Scorpion
64:06 Murder Holes
65:14 Chemistry
67:00 Heavy Camel Rider
zenNation
2:06 Loom
6:45 Wheelbarrow
10:51 Feudal Age
13:43 Double-Bit Axe
15:59 Man-at-Arms
17:02 Town Watch
21:54 Gold Mining
22:24 Hand Cart
23:04 Bow Saw
25:02 Horse Collar
25:06 Fishing Lines
28:15 Castle Age
27:36 Scale Mail Armor
28:29 Forging
28:23 Stone Mining
29:01 Husbandry
28:36 Long Swordsman
29:54 Chain Mail Armor
30:41 Heavy Plow
30:50 Squires
31:28 Gillnets
33:31 Iron Casting
32:52 Pikeman
34:25 Masonry
38:17 Scale Barding Armor
40:06 Fortified Wall
40:37 Chain Barding Armor
40:41 Town Patrol
40:19 Light Cavalry
44:33 Imperial Age
44:04 Cavalier
46:20 Two-Man Saw
45:14 Halberdier
47:15 Plate Mail Armor
47:22 Hussar
53:11 Capped Ram
62:24 Hoardings
62:32 Crop Rotation
64:09 Arson
64:56 Conscription
65:37 Gold Shaft Mining
64:52 Stone Mining
66:40 Chemistry
68:51 Stone Shaft Mining
70:27 Blast Furnace
70:03 Plate Barding Armor
Connection lost

Rejoining the realm…

Still unreachable

The connection could not be restored.

Session expired

The server has moved on; the page needs a fresh start.